 Dungeon Crawl Stone Soup version 0.26.1-11-gd32895ea62 (webtiles) character file.

Game seed: 17650401963516477766

76680 DildoBatman the Blocker (level 16, -5/122 HPs)
             Began as a Formicid Conjurer on July 8, 2021.
             Was an Initiate of Gozag.
             Slain by a ten-headed hydra (10 damage)
             ... on level 3 of the Lair of Beasts.
             The game lasted 01:36:40 (20648 turns).

DildoBatman the Blocker (Formicid Conjurer)        Turns: 20648, Time: 01:36:41

Health: -5/122     AC: 13    Str: 12    XL:     16   Next: 2%
Magic:  27/30      EV: 21    Int: 18    God:    Gozag
Gold:   4006       SH: 13    Dex: 20    Spells: 14/35 levels left

rFire    . . .     SeeInvis +   a - +7 Singing Sword {vorpal, sonic wave}
rCold    x . .     Faith    .   s - +0 kite shield
rNeg     . . .     Spirit   .   o - +4 troll leather armour
rPois    +         Reflect  .   (helmet unavailable)
rElec    .         Harm     .   f - -1 cloak
rCorr    .         Rampage  .   j - +0 pair of gloves
Will     +....                  E - +0 pair of boots "Mausiom" {rPois rC- Regen+}
Stlth    ++........             r - amulet of regeneration
HPRegen  1.50/turn              k - +6 ring of dexterity
MPRegen  0.22/turn              V - +4 ring of evasion

@: no status effects
A: permanent stasis, dig shafts and tunnels, four strong arms, antennae 3, dopey
1
a: Dig, Shaft Self, Renounce Religion, Potion Petition, Call Merchant, Bribe
Branch


You were on level 3 of the Lair of Beasts.
You worshipped Gozag.
Gozag was most pleased with you.
You visited 4 branches of the dungeon, and saw 21 of its levels.
You also visited: Gauntlet and Ice Cave.

You collected 4661 gold pieces.
You spent 331 gold pieces at shops.
You paid 324 gold pieces to Gozag.

Inventory:

Hand Weapons
 a - the +7 Singing Sword (weapon) {vorpal, sonic wave}
   (You found it on level 8 of the Dungeon)

   It inflicts extra damage upon your enemies.
 b - the +5 quarterstaff of the Eternal Void {pain, Str+5 Int+4}
   (You found it on level 7 of the Dungeon)

   In the hands of one skilled in necromantic magic, it inflicts extra damage on
   living creatures.
   It affects your strength (+5).
   It affects your intelligence (+4).
 c - a +3 shortbow of flaming
 d - a +3 scimitar of flaming
Missiles
 e - 141 sling bullets
 l - 514 arrows
 w - 5 throwing nets (quivered)
 H - 17 silver javelins
 X - 333 bolts
Armour
 f - a -1 cloak (worn)
 j - a +0 pair of gloves (worn)
 o - a +4 troll leather armour (worn)
 s - a +0 kite shield (worn)
 E - the +0 pair of boots "Mausiom" (worn) {rPois rC- Regen+}
   (You found it in a Gauntlet)

   It makes you vulnerable to cold.
   It protects you from poison.
   It increases your rate of regeneration.
Jewellery
 k - a +6 ring of dexterity (left hand)
 r - an amulet of regeneration (around neck)
 G - the ring of the Scarab {rElec rF+ Will+ Stlth+}
   (You found it on level 8 of the Dungeon)

   [ring of protection from fire]

   It protects you from fire.
   It insulates you from electricity.
   It affects your willpower, your defense against some magical effects.
   It makes you more stealthy.
 L - an uncursed ring of ice
 P - an uncursed ring of resist corrosion
 V - a +4 ring of evasion (right hand)
Wands
 i - a wand of disintegration (30)
 q - a wand of digging (5)
 u - a wand of iceblast (48)
 T - a wand of acid (3)
Scrolls
 h - 5 scrolls of fog
 t - a scroll of fear
 x - 9 scrolls of remove curse
 z - 4 scrolls of identify
 C - 3 scrolls of magic mapping
 F - a scroll of amnesia
 I - a scroll of immolation
 J - 3 scrolls of summoning
 N - a scroll of holy word
Potions
 g - 3 potions of cancellation
 m - a potion of invisibility
 n - 2 potions of might
 y - 17 potions of curing
 A - 5 potions of brilliance
 B - 4 potions of magic
 D - 2 potions of ambrosia
 O - 5 potions of flight
Miscellaneous
 p - a phantom mirror
 Q - a box of beasts
 Y - a condenser vane


   Skills:
 - Level 10.0 Fighting
 - Level 4.0 Long Blades
 - Level 0.8 Maces & Flails
 - Level 10.0 Armour
 - Level 7.0 Dodging
 - Level 2.4 Stealth
 * Level 13.5 Shields
 - Level 10.0 Spellcasting
 - Level 6.0 Conjurations
 - Level 12.0 Necromancy
 * Level 7.1 Transmutations
 - Level 6.0 Fire Magic
 * Level 7.8 Earth Magic


You had 14 spell levels left.
You knew the following spells:

 Your Spells              Type           Power        Failure   Level
a - Searing Ray           Conj           60%          1%          2
b - Conjure Flame         Conj/Fire      30%          2%          3
c - Magic Dart            Conj           100%         1%          1
d - Vampiric Draining     Necr           25%          1%          3
e - Statue Form           Tmut/Erth      24%          56%         6
h - Dispel Undead         Necr           51%          1%          4
z - Sublimation of Blood  Necr           25%          1%          2

Your spell library contained the following spells:

 Spells                   Type           Power        Failure   Level
 Animate Skeleton         Necr           100%         1%          1
 Foxfire                  Conj/Fire      100%         1%          1
 Pain                     Necr           100%         1%          1
 Corpse Rot               Necr/Air       N/A          1%          2
 Animate Dead             Necr           25%          1%          4
 Excruciating Wounds      Necr           25%          1%          5
 Ignite Poison            Fire/Tmut/Pois 24%          4%          3
 Petrify                  Tmut/Erth      36%          4%          4
 Borgnjor's Vile Clutch   Necr/Erth      22%          4%          5
 Dazzling Flash           Conj/Hex       38%          9%          3
 Inner Flame              Hex/Fire       19%          9%          3
 Sticky Flame             Conj/Fire      30%          9%          4
 Apportation              Tloc           18%          10%         1
 Corona                   Hex            10%          10%         1
 Summon Small Mammal      Summ           36%          10%         1
 Death Channel            Necr           25%          11%         6
 Call Imp                 Summ           9%           14%         2
 Ensorcelled Hibernation  Hex/Ice        18%          14%         2
 Irradiate                Conj/Tmut      16%          19%         5
 Fireball                 Conj/Fire      15%          22%         5
 Call Canine Familiar     Summ           9%           28%         3
 Portal Projectile        Hex/Tloc       18%          28%         3
 Summon Guardian Golem    Hex/Summ       9%           28%         3
 Fulminant Prism          Conj/Hex       9%           28%         4
 Iskenderun's Mystic Bla  Conj/Tloc      19%          28%         4
 Alistair's Intoxication  Tmut/Pois      14%          52%         5
 Hydra Form               Tmut           17%          61%         6
 Summon Ice Beast         Ice/Summ       9%           67%         4
 Summon Lightning Spire   Summ/Air       9%           67%         4
 Simulacrum               Ice/Necr       15%          77%         6
 Silence                  Hex/Air        4%           95%         5
 Eringya's Noxious Bog    Tmut/Pois      10%          98%         6
 Conjure Ball Lightning   Conj/Air       9%           99%         6
 Dragon Form              Tmut           17%          99%         7
 Borgnjor's Revivificati  Necr           25%          99%         8
 Infestation              Necr           25%          99%         8
 Shadow Creatures         Summ           N/A          100%        6
 Haunt                    Necr/Summ      15%          100%        7
 Malign Gateway           Summ/Tloc      4%           100%        7
 Disjunction              Tloc           4%           100%        8
 Necromutation            Tmut/Necr      21%          100%        8
 Death's Door             Necr           25%          100%        9
 Tornado                  Air            4%           100%        9


Dungeon Overview and Level Annotations

Branches:
Dungeon (15/15)            Temple (1/1) D:5            Lair (3/6) D:10
 Shoals (0/4) Lair:2       Spider (0/4) Lair:3          Orc (2/2) D:12
    Elf (0/3) Orc:2        Vaults (0/5) D:14         Depths (0/5) D:15
  IceCv (visited)         Gauntlet (visited)

Altars:
Ashenzari
Cheibriados
Dithmenos
Elyvilon
Fedhas
Gozag
Hepliaklqana
Kikubaaqudgha
Makhleb
Nemelex Xobeh
Okawaru
Qazlal
Ru
Sif Muna
Trog
Uskayaw
Vehumet
Wu Jian
Xom
Yredelemnul
Zin
The Shining One
Beogh

Shops:
D:8 [*   Orc:2 =?((


Innate Abilities, Weirdness & Mutations

You cannot be hasted, slowed, berserked, paralysed or teleported.
You can dig through walls and to a lower floor.
Your four strong arms can wield two-handed weapons with a shield.
You have a pair of large antennae on your head. (SInv)
You are dopey. (Int -2)


Message History

You extend your mandibles.
You dig through the rock wall.
The cane toad becomes distracted by the nearby gold, dreaming of imaginary riches.
The rime drake breathes ice at you. The flash freeze misses you.
Casting: Conjure Flame (mildly dangerous; 2% risk of failure)
Confirm with . or Enter, or press ? or * to list all spells.
Aiming: Vampiric Draining (safe; 1% risk of failure)
Press: ? - help, Shift-Dir - straight line, f - ten-headed hydra
Aim: a ten-headed hydra (heavily wounded)
The ten-headed hydra is severely wounded.
You feel life coursing into your body.
The cane toad croaks.
You block the ten-headed hydra's attack.
The ten-headed hydra bites you! x2
You block the ten-headed hydra's attack.
The ten-headed hydra misses you. The ten-headed hydra bites you!
You die...
Your body crumbles into a pile of gold.

***,,,*###.+#.# *##*,** *#.
**,,,,,##......###....,** *..
**,,,.##,.,...........##,*** *#.
,+,,,....#.#............,,,** *#.
,*,,,⌠.....#.$...+,..⌠,,,#..* *..
,,,,,.........?#.#...,,,,+..###..
,*,*,.##...#...k.#.##***,#.......
,*,,,....##..F.D#.#.,,,,**P......
,,,**##.,,###'##@#.#***,###P....[
,,,,,,,,,*##....#..# ####.##.....
,*,,,,,,*##.....#..###...........
,,,,,<,**#.⌠.>.⌠.#......#...?....
*,,,,,,* ##.....#......######....
**,*,*** ##.⌠..#.^#.### ##...
***** ##.##.'#### #.>. ####...#
#### ##...### #


You could see a ten-headed hydra, a cane toad and a rime drake.

Vanquished Creatures
  Gastronok (D:9)
  A reaper (Gauntlet)
  A minotaur (Gauntlet)
  A death ooze (Gauntlet)
  Fannar (D:11)
  5 hydras
  Harold (D:8)
  A boulder beetle (D:12)
  4 two-headed ogres
  3 centaur warriors
  3 orc high priests (Orc:2)
  Nergalle (D:11)
  A deep elf knight (D:14)
  4 skeletal warriors (D:15)
  2 unseen horrors
  2 wizards
  10 orc knights
  2 wolf spider zombies
  8 deep elf magi
  A manticore (D:14)
  3 oklob plants
  6 orc sorcerers
  2 cyclopes
  12 ugly things
  4 ice statues
  A naga mage (D:15)
  2 merfolk sirens (Lair:2)
  A minotaur zombie (Gauntlet)
  A torpor snail (Lair:2)
  4 cane toads
  Maggie (D:8)
  3 yaktaurs (D:14)
  3 rime drakes
  2 efreet
  4 komodo dragons
  A hellwing (Gauntlet)
  A queen bee (D:11)
  8 trolls
  2 hornets
  A merfolk (D:14)
  7 blink frogs (Lair:3)
  Prince Ribbit (Lair:3)
  10 slime creatures
  A meliai zombie (D:12)
  A wyvern (D:9)
  A vampire (D:10)
  2 basilisks
  3 chaos spawn (D:8)
  2 steam dragons (D:12)
  43 yaks
  4 vampire mosquitoes (D:13)
  8 wargs
  9 water moccasins
  3 ogre zombies
  2 tengu zombies
  An acid dragon (D:13)
  2 soldier ants
  4 sky beasts
  A black bear (D:9)
  16 ice beasts
  26 orc warriors
  2 manticore zombies
  2 elf zombies
  4 phantoms
  7 ogres
  A necrophage (D:14)
  13 centaurs
  11 wolves
  A yaktaur zombie (D:13)
  4 big kobolds
  16 bullfrogs
  A cyclops zombie (D:13)
  A gnoll sergeant (D:10)
  2 wyvern zombies (D:13)
  A water moccasin zombie (D:8)
  8 scorpions
  3 wyvern skeletons (D:13)
  3 water moccasin skeletons
  17 killer bees
  19 wights
  6 howler monkeys
  2 electric eels (Lair:2)
  A quasit (D:8)
  8 centaur zombies
  A bullfrog zombie (D:14)
  9 hounds
  A kobold zombie (D:14)
  18 orc wizards
  2 jellies (D:5)
  20 orc priests
  8 centaur skeletons
  12 worker ants
  Jessica (D:2)
  4 iguanas
  Natasha (thrice) (D:2)
  2 killer bee zombies
  2 sky beast zombies
  A hound zombie (D:14)
  An ogre skeleton (D:13)
  4 worker ant zombies
  11 gnolls
  A steam dragon zombie (D:14)
  14 adders
  3 shadow imps
  4 white imps
  3 ufetubi
  8 worms
  4 dart slugs
  A leopard gecko (D:2)
  76 orcs
  7 bats
  A bat skeleton (D:13)
  A bat zombie (D:15)
  4 giant cockroaches
  6 goblins
  8 hobgoblins
  4 jackals (D:7)
  7 quokkas
  2 ball pythons (D:2)
  8 frilled lizards
  A frilled lizard zombie (D:13)
  A goblin skeleton (D:13)
  2 goblin zombies
  A hobgoblin zombie (D:15)
  A jackal zombie (D:15)
  29 kobolds
  2 orc skeletons
  2 orc zombies
  A quokka skeleton (D:6)
  A quokka zombie (D:15)
  7 rats
  A rat zombie (D:14)
706 creatures vanquished.

Vanquished Creatures (others)
  An adder (D:12)
  A quokka (D:15)
  32 fungi
  29 plants
  2 withered plants (Gauntlet)
65 creatures vanquished.

Grand Total: 771 creatures vanquished

Notes
Turn   | Place    | Note
-------+----------+-------------------------------------------
     0 | D:1      | DildoBatman the Formicid Conjurer began the quest for the
                  | Orb.
     0 | D:1      | Reached XP level 1. HP: 13/13 MP: 3/3
   258 | D:1      | Reached XP level 2. HP: 12/19 MP: 5/5
   262 | D:1      | Learned a level 2 spell: Searing Ray
   523 | D:1      | Reached XP level 3. HP: 24/24 MP: 2/6
  1201 | D:2      | Noticed Jessica
  1305 | D:2      | Reached XP level 4. HP: 27/30 MP: 4/7
  1320 | D:2      | Reached skill level 5 in Conjurations
  1978 | D:3      | Found a stormy altar of Qazlal.
  2116 | D:3      | Reached XP level 5. HP: 35/35 MP: 3/8
  2147 | D:3      | Noticed Natasha
  2560 | D:4      | Reached skill level 1 in Fighting
  2560 | D:4      | Reached skill level 1 in Armour
  2695 | D:4      | Reached XP level 6. HP: 43/43 MP: 7/9
  3544 | D:4      | Found a snail-covered altar of Cheibriados.
  3732 | D:5      | Entered Level 5 of the Dungeon
  3816 | D:5      | Reached XP level 7. HP: 50/50 MP: 5/12
  4029 | D:5      | Found a staircase to the Ecumenical Temple.
  4035 | Temple   | Entered the Ecumenical Temple
  4095 | Temple   | Became a worshipper of Kikubaaqudgha
  4211 | D:5      | Reached skill level 1 in Shields
  4613 | D:5      | Reached skill level 2 in Shields
  4757 | D:5      | Reached skill level 3 in Shields
  4835 | D:5      | Reached skill level 4 in Shields
  4905 | D:6      | Reached skill level 5 in Shields
  4905 | D:6      | Reached XP level 8. HP: 56/56 MP: 5/14
  4939 | D:6      | Reached skill level 6 in Shields
  4994 | D:6      | You fall into a shaft and drop 3 floors!
  5051 | D:9      | Noticed a yak
  5051 | D:9      | Noticed a yak
  5051 | D:9      | Noticed a yak
  5131 | D:8      | Reached * piety under Kikubaaqudgha
  5131 | D:8      | Identified Kikubaaqudgha's Disquisition on Unholy Arts
                  | (Kikubaaqudgha gifted it to you on level 8 of the Dungeon)
  5131 | D:8      | Received a gift from Kikubaaqudgha
  5147 | D:9      | Learned a level 2 spell: Sublimation of Blood
  5151 | D:9      | Learned a level 3 spell: Vampiric Draining
  5339 | D:9      | Reached skill level 7 in Shields
  5428 | D:9      | Reached skill level 8 in Shields
  5561 | D:9      | Noticed a troll
  5602 | D:9      | Killed a troll
  5603 | D:9      | Reached skill level 9 in Shields
  5603 | D:9      | Reached XP level 9. HP: 13/61 MP: 6/15
  5760 | D:9      | Reached skill level 5 in Necromancy
  6051 | D:8      | Noticed Harold
  6086 | D:8      | Killed Harold
  6087 | D:8      | Reached XP level 10. HP: 25/67 MP: 1/17
  6173 | D:9      | Reached skill level 5 in Spellcasting
  6241 | D:8      | Noticed Gastronok
  6310 | D:8      | Noticed a two-headed ogre
  6323 | D:8      | Killed a two-headed ogre
  6411 | D:8      | Reached ** piety under Kikubaaqudgha
  6435 | D:8      | Found the +7 Singing Sword {vorpal, sonic wave}
  6515 | D:8      | Found Ughorem's Armour Emporium.
  6620 | D:8      | Reached skill level 1 in Long Blades
  6624 | D:8      | Found a shimmering altar of Xom.
  6688 | D:8      | Noticed Maggie
  6733 | D:8      | Found Olokoam's Assorted Antiques.
  6741 | D:8      | Bought a fuming brown potion for 20 gold pieces
  6741 | D:8      | Bought a fuming brown potion for 20 gold pieces
  6795 | D:8      | Reached XP level 11. HP: 77/77 MP: 21/21
  6956 | D:8      | Killed Maggie
  6985 | D:8      | Found the +7 mace of Variability {chain chaos}
  6992 | D:8      | Got a vibrating wooden ring
  6993 | D:8      | Identified the ring of the Scarab {rElec rF+ Will+ Stlth+}
                  | (You found it on level 8 of the Dungeon)
  7135 | D:7      | Got a steaming quarterstaff
  7136 | D:7      | Identified the +5 quarterstaff of the Eternal Void {pain,
                  | Str+5 Int+4} (You found it on level 7 of the Dungeon)
  7713 | D:6      | Noticed an oklob plant
  7715 | D:6      | Found a burning altar of Makhleb.
  7726 | D:6      | Killed an oklob plant
  7727 | D:6      | Reached skill level 5 in Fighting
  7727 | D:6      | Reached skill level 5 in Armour
  7741 | D:6      | Reached *** piety under Kikubaaqudgha
  7741 | D:6      | Identified Kikubaaqudgha's Grimoire of Unholy Arts
                  | (Kikubaaqudgha gifted it to you on level 6 of the Dungeon)
  7741 | D:6      | Received a gift from Kikubaaqudgha
  7754 | D:6      | Learned a level 4 spell: Dispel Undead
  8190 | D:10     | Entered Level 10 of the Dungeon
  8342 | D:10     | Reached **** piety under Kikubaaqudgha
  8493 | D:10     | Found a staircase to the Lair.
  9141 | D:11     | Reached ***** piety under Kikubaaqudgha
  9173 | D:11     | Noticed Fannar
  9195 | D:11     | Killed Fannar
  9196 | D:11     | Reached XP level 12. HP: 71/89 MP: 14/23
  9272 | D:11     | Learned a level 3 spell: Conjure Flame
  9463 | D:11     | Noticed Nergalle
  9479 | D:11     | Killed Nergalle
  9784 | D:12     | Noticed a six-headed hydra
  9788 | D:12     | Reached skill level 1 in Fire Magic
  9792 | D:12     | Killed a six-headed hydra
  9810 | D:12     | Noticed a two-headed ogre
  9885 | D:12     | Reached skill level 10 in Necromancy
 10005 | D:11     | Killed a two-headed ogre
 10157 | D:12     | Noticed a boulder beetle
 10173 | D:12     | Killed a boulder beetle
 10297 | D:12     | You fall into a shaft and drop 3 floors!
 10297 | D:15     | Entered Level 15 of the Dungeon
 10297 | D:15     | Noticed a centaur warrior
 10325 | D:15     | Killed a centaur warrior
 10343 | D:14     | Reached skill level 5 in Dodging
 10518 | D:12     | Noticed a two-headed ogre
 10527 | D:12     | Killed a two-headed ogre
 10528 | D:12     | Reached XP level 13. HP: 98/98 MP: 21/25
 10729 | D:12     | Reached ****** piety under Kikubaaqudgha
 10736 | D:12     | Received a gift from Kikubaaqudgha
 10738 | D:12     | Fell from the grace of Kikubaaqudgha
 11000 | Temple   | Became a worshipper of Gozag Ym Sagoz the Greedy
 11097 | D:2      | Killed Natasha
 11167 | D:2      | Noticed Natasha
 11172 | D:2      | Killed Natasha
 11212 | D:2      | Killed Jessica
 11326 | D:2      | Noticed Natasha
 11329 | D:2      | Killed Natasha
 11540 | D:9      | Killed Gastronok
 11878 | D:12     | Found a staircase to the Orcish Mines.
 12067 | D:13     | Noticed a five-headed hydra
 12079 | D:13     | Killed a five-headed hydra
 12144 | D:13     | Noticed a centaur warrior
 12236 | D:13     | Killed a centaur warrior
 12237 | D:13     | Reached skill level 5 in Fire Magic
 13632 | D:14     | Noticed a five-headed hydra
 13647 | D:14     | Killed a five-headed hydra
 13952 | D:14     | Reached XP level 14. HP: 108/108 MP: 14/27
 14422 | D:14     | Reached skill level 10 in Spellcasting
 14484 | D:14     | Found a gate to the Vaults.
 14908 | D:15     | Reached skill level 10 in Armour
 15028 | D:15     | Reached skill level 10 in Fighting
 15239 | D:15     | Was forgiven by Kikubaaqudgha
 15381 | D:15     | Reached skill level 10 in Shields
 15409 | D:15     | Found a white marble altar of Elyvilon.
 15560 | D:15     | Found a staircase to the Depths.
 15803 | Orc:1    | Entered Level 1 of the Orcish Mines
 15869 | Orc:1    | Reached skill level 11 in Shields
 16124 | Orc:1    | Found a roughly hewn altar of Beogh.
 16239 | Orc:2    | Entered Level 2 of the Orcish Mines
 16258 | Orc:1    | Learned a level 6 spell: Statue Form
 16297 | Orc:2    | Found a roughly hewn altar of Beogh.
 16340 | Orc:2    | Reached skill level 1 in Earth Magic
 16346 | Orc:2    | Reached skill level 1 in Transmutations
 16405 | Orc:2    | Found a staircase to the Elven Halls.
 16436 | Orc:2    | Found a gate leading to a gauntlet.
 16452 | Gauntlet | Entered a Gauntlet
 16452 | Gauntlet | Found a transporter.
 16462 | Gauntlet | Found a transporter.
 16477 | Gauntlet | Found a transporter.
 16482 | Gauntlet | Found a transporter.
 16497 | Gauntlet | Found a transporter.
 16498 | Gauntlet | Noticed a reaper
 16516 | Gauntlet | Found a transporter.
 16528 | Gauntlet | Found a transporter.
 16540 | Gauntlet | Found a transporter.
 16552 | Gauntlet | Found a transporter.
 16558 | Gauntlet | Found a transporter.
 16558 | Gauntlet | Found a transporter.
 16573 | Gauntlet | Found a transporter.
 16579 | Gauntlet | Found a transporter.
 16618 | Gauntlet | Found a transporter.
 16665 | Gauntlet | Found a transporter.
 16743 | Gauntlet | Found a transporter.
 16870 | Gauntlet | Found a transporter.
 16874 | Gauntlet | Reached XP level 15. HP: 114/115 MP: 20/29
 16876 | Gauntlet | Found a transporter.
 17031 | Gauntlet | Killed a reaper
 17054 | Gauntlet | Got a pair of ichor-stained boots
 17061 | Gauntlet | Identified the cursed +0 pair of boots "Mausiom" {rPois rC-
                  | Regen+} (You found it in a Gauntlet)
 17146 | Gauntlet | Identified Tiekuaqe's Disquisition on the Igneous Voyage
 17434 | Orc:2    | Reached skill level 12 in Shields
 17701 | Orc:2    | Gained mutation: You are dopey. (Int -2) [a neqoxec]
 17704 | Orc:2    | Reached skill level 5 in Earth Magic
 17713 | Orc:2    | Found Itruenus's Weapon Boutique.
 17713 | Orc:2    | Found Pithraud's Jewellery Boutique.
 17747 | Orc:2    | Found Etzum's Antique Weapon Shoppe.
 17747 | Orc:2    | Found Irucovar's Magic Scroll Shoppe.
 17765 | Orc:2    | Bought a scroll of identify for 22 gold pieces
 17765 | Orc:2    | Bought 3 scrolls of enchant armour for 247 gold pieces
 17765 | Orc:2    | Bought a scroll of fog for 22 gold pieces
 18145 | Lair:1   | Entered Level 1 of the Lair of Beasts
 18237 | Lair:1   | Reached skill level 5 in Transmutations
 19328 | Lair:2   | Reached skill level 13 in Shields
 19503 | Lair:2   | Got a brightly glowing silver ring
 19505 | Lair:2   | Identified the ring of the Mackerel {*Drain rF+ Will+ Str+5
                  | Stlth-} (You found it on level 2 of the Lair of Beasts)
 19673 | Lair:2   | Found a staircase to the Shoals.
 20026 | Lair:3   | Found a frozen archway.
 20197 | IceCv    | Entered an ice cave
 20305 | IceCv    | HP: 3/111 [ice statue] (23)]
 20404 | IceCv    | Got translucent ice dragon scales
 20459 | Lair:3   | Identified the cursed +1 ice dragon scales of Utaidd Sojua
                  | {rF- rC++ Regen+ MP+9 Str-3} (You found it in an ice cave)
 20544 | Lair:3   | Noticed Prince Ribbit
 20553 | Lair:3   | Reached XP level 16. HP: 121/121 MP: 30/30
 20557 | Lair:3   | Killed Prince Ribbit
 20591 | Lair:3   | Found a hole to the Spider Nest.
 20648 | Lair:3   | HP: 5/122 [ten-headed hydra (8)]
 20648 | Lair:3   | Slain by a ten-headed hydra

Illustrated notes

Levels and vault maps discovered:
D:1:      ncdulo_smallfort, layout_basic
D:2:      minmay_chambers_of_ones, layout_loops_ring,
          chequers_serial_rivers_room_b, uniq_jessica
D:3:      layout_basic, grunt_qazlal_sundering, uniq_natasha
D:4:      layout_layer_cave, nicolae_overflow_crystal_walls
D:5:      layout_basic, minmay_temple_entry_enclosed_plants
D:6:      layout_gridville, lemuel_oklob_altar
D:7:      layout_cave_pools, kennysheep_boxes
D:8:      old_forge, layout_rooms, serial_shops,
          nicolae_shop_overgrown_old_shop, shop,
          minmay_guarded_unrand_variability, uniq_harold, uniq_maggie,
          uniq_gastronok
D:9:      layout_roguey
D:10:     layout_loops_ring, erik_lair_orcish_takeover
D:11:     layout_small_grid, hive_lemuel, uniq_nergalle, uniq_fannar
D:12:     layout_stronghold, orc_0_dummy
D:13:     layout_gridville
D:14:     layout_basic, hangedman_vaults_entry_quadrant_bands,
          small_statue_alley_a, grunt_ministairs_13, hangedman_stone_soup
D:15:     grunt_enter_depths_magical_seal, layout_long_grid,
          hangedman_abyss_or_decor_clamps, elyvilon_altar_4
Temple:   grunt_wide_crystal_templ
Lair:1:   layout_hall_layers, grunt_megastairs_5
Lair:2:   layout_chaotic_city, elwin_shoals_entry_rooms,
          minmay_lair_oklob_chamber
Lair:3:   layout_roguey, dummy_spider_entry, portal_ice_cave_entry_ice_beasts,
          grunt_megastairs_1, uniq_prince_ribbit2
Orc:1:    nicolae_orc_accident_2, layout_caves
Orc:2:    st_orc_elflike, layout_caves, gauntlet_entry_generic, mines1_david

Skill      XL: |  1  2  3  4  5  6  7  8  9 10 11 12 13 14 15 |
---------------+----------------------------------------------+-----
Conjurations   | 4 5 6 |  6.0
Fighting       | 1 2 4 6 7 9 10 | 10.0
Armour         | 1 2 4 6 7 9 10 | 10.0
Spellcasting   | 3 4 7 8 9 10 | 10.0
Shields        | 5 9 11 13 | 13.5
Necromancy     | 2 9 10 11 12 | 12.0
Long Blades    | 1 4 |  4.0
Dodging        | 3 5 6 7 |  7.0
Fire Magic     | 3 5 6 |  6.0
Earth Magic    | 2 7 |  7.8
Transmutations | 1 7 |  7.1
Maces & Flails | |  0.8
Stealth        | |  2.4

Action                   |  1- 3 |  4- 6 |  7- 9 | 10-12 | 13-15 | 16-18 || total
-------------------------+-------+-------+-------+-------+-------+-------++-------
Melee: Unarmed           |    13 |       |       |       |       |       ||    13
       Short sword       |    11 |    28 |       |       |       |       ||    39
       Falchion          |       |     5 |    20 |       |       |       ||    25
       Flail             |       |       |    29 |     9 |       |       ||    38
       Double sword      |       |       |       |   253 |   762 |     8 ||  1023
       Great sword       |       |       |       |    22 |       |       ||    22
       Great mace        |       |       |       |    42 |       |       ||    42
       Quarterstaff      |       |       |       |    12 |       |       ||    12
       Scimitar          |       |       |       |       |    18 |       ||    18
 Fire: Shortbow          |       |       |       |     8 |    11 |       ||    19
Throw: Stone             |     1 |       |       |       |       |       ||     1
       Dart              |       |       |     2 |       |       |       ||     2
 Cast: Magic Dart        |    19 |    28 |     6 |    11 |    11 |       ||    75
       Searing Ray       |    12 |    30 |    41 |    46 |    18 |       ||   147
       Sublimation of Bl |       |       |     1 |     3 |     6 |       ||    10
       Vampiric Draining |       |       |       |    31 |    53 |     1 ||    85
       Dispel Undead     |       |       |       |     1 |    10 |       ||    11
       Conjure Flame     |       |       |       |     7 |    69 |       ||    76
Invok: Receive Necronomi |       |       |       |       |     1 |       ||     1
       Renounce Religion |       |       |       |       |     1 |       ||     1
 Abil: Dig               |       |     8 |     9 |    28 |    45 |     1 ||    91
  Use: Scroll            |     3 |     3 |     9 |    13 |    16 |       ||    44
       Potion            |       |       |       |     2 |     1 |       ||     3
 Stab: Sleeping          |     1 |     1 |     2 |    10 |     8 |       ||    22
       Distracted        |       |       |       |     2 |     4 |       ||     6
Armor: Robe              |     3 |       |       |       |       |       ||     3
       Leather armour    |     3 |     8 |    10 |       |       |       ||    21
       Troll leather arm |       |       |     7 |    50 |   144 |     8 ||   209
Dodge: Dodged            |    23 |    35 |    62 |   296 |   597 |    24 ||  1037
Block: Kite shield       |       |       |    48 |   284 |   537 |    12 ||   881
       Rpst.: Falchion   |       |     5 |     8 |       |       |       ||    13
       Great sword       |       |       |       |    10 |       |       ||    10
       Double sword      |       |       |       |    57 |   141 |     1 ||   199
       Scimitar          |       |       |       |       |     6 |       ||     6
